| TOP OF THE 1ST |
|
San Jose Giants batting - Pitching for Altoona Curve : RHP Kyle Davis
|
|
Pitching: RHP Kyle Davis
|
|
|
Batting: RHB Laroya Foronda
|
0-0: Fly out, F6 (Popup, 6M, EV 76.9 MPH)
|
|
Batting: LHB Ryan Braden
|
0-0: Ball 1-0: Ball 2-0: Foul Ball, location: 2F 2-1: Ball 3-1: Reached on error, E4 (Groundball, 4, EV 78.1 MPH)
|
|
Batting: RHB Guillermo Mojica
|
0-0: SINGLE (Line Drive, 9S, EV 97.5 MPH) Ryan Braden to second Runner from 2nd tries for 3rd, SAFE, throw by RF made to third
|
|
Batting: RHB Mike Zepeda
|
0-0: Called Strike 0-1: Ball 1-1: Swinging Strike 1-2: Strikes out looking
|
|
Batting: RHB John Paredes
|
0-0: Ball 1-0: Called Strike 1-1: Foul Ball, location: 2F 1-2: Foul Ball, location: 2F 1-2: Fly out, F7 (Flyball, 7, EV 84.4 MPH)
|
| Top of the 1st over - 0 runs, 1 hit, 1 error, 2 left on base; San Jose 0 - Altoona 0 |
| BOTTOM OF THE 1ST |
|
Altoona Curve batting - Pitching for San Jose Giants : RHP Jan Cole
|
|
Pitching: RHP Jan Cole
|
|
|
Batting: RHB Terrence Wilson
|
0-0: Called Strike 0-1: Foul Ball, location: 2F 0-2: Strikes out swinging
|
|
Batting: RHB Alex Arzate
|
0-0: Foul Ball, location: 2F 0-1: Fly out, F8 (Flyball, 78S, EV 89.4 MPH)
|
|
Batting: RHB Brandon White
|
0-0: Called Strike 0-1: Ball 1-1: Called Strike 1-2: Ball 2-2: Strikes out swinging
|
| Bottom of the 1st over - 0 runs, 0 hits, 0 errors, 0 left on base; San Jose 0 - Altoona 0 |
| TOP OF THE 2ND |
|
San Jose Giants batting - Pitching for Altoona Curve : RHP Kyle Davis
|
|
Batting: RHB Leon Alders
|
0-0: Ball 1-0: Foul Ball, location: 2F 1-1: SINGLE (Flyball, 9LS, EV 92.5 MPH)
|
|
Batting: LHB Steve Nevis
|
0-0: Foul Ball, location: 2F 0-1: Ball 1-1: SINGLE (Groundball, 34S, EV 67.5 MPH) (infield hit) Leon Alders to second
|
|
Batting: SHB David Beauchamp
|
0-0: Ball 1-0: Swinging Strike 1-1: SINGLE (Groundball, 34D, EV 106.9 MPH) Leon Alders to third Steve Nevis to second Runner from 3rd tries for Home, SAFE, throw by RF to home
|
|
Batting: LHB Yeong-hun Joe
|
0-0: Ball 1-0: Ball 2-0: Ball 3-0: Called Strike 3-1: SINGLE (Groundball, P, EV 80.0 MPH) (infield hit) Steve Nevis to third David Beauchamp to second
|
|
Batting: RHB Laroya Foronda
|
0-0: Ball 1-0: Called Strike 1-1: Fly out, F4 (Popup, 4, EV 57.5 MPH)
|
|
Batting: LHB Ryan Braden
|
0-0: Foul Ball, location: 2F 0-1: Called Strike 0-2: Fielders Choice at 2nd, 6-4 (Groundball, 6, EV 101.2 MPH) Steve Nevis scores David Beauchamp to third
|
|
Batting: RHB Guillermo Mojica
|
0-0: Ball 1-0: Called Strike 1-1: Ball 2-1: Ball 3-1: Fly out, F4 (Popup, 34, EV 66.9 MPH)
|
| Top of the 2nd over - 2 runs, 4 hits, 0 errors, 2 left on base; San Jose 2 - Altoona 0 |
| BOTTOM OF THE 2ND |
|
Altoona Curve batting - Pitching for San Jose Giants : RHP Jan Cole
|
|
Batting: LHB Carlos Vega
|
0-0: Ground out 6-3 (Groundball, 6, EV 82.5 MPH)
|
|
Batting: LHB Mike Handrahan
|
0-0: Called Strike 0-1: Foul Ball, location: 2F 0-2: Ball 1-2: Ball 2-2: Ball 3-2: Fly out, F7 (Flyball, 7LS, EV 91.2 MPH)
|
|
Batting: RHB Jeff Edwards
|
0-0: Swinging Strike 0-1: Ball 1-1: Ball 2-1: Foul Ball, location: 2F 2-2: Ground out 6-3 (Groundball, 6, EV 101.2 MPH)
|
| Bottom of the 2nd over - 0 runs, 0 hits, 0 errors, 0 left on base; San Jose 2 - Altoona 0 |
| TOP OF THE 3RD |
|
San Jose Giants batting - Pitching for Altoona Curve : RHP Kyle Davis
|
|
Batting: RHB Mike Zepeda
|
0-0: Swinging Strike 0-1: Foul Ball, location: 2F 0-2: Strikes out swinging
|
|
Batting: RHB John Paredes
|
0-0: Called Strike 0-1: Ball 1-1: Foul Ball, location: 2F 1-2: Ground out 6-3 (Groundball, 6M, EV 103.1 MPH)
|
|
Batting: RHB Leon Alders
|
0-0: Foul Ball, location: 2F 0-1: Ball 1-1: Ball 2-1: Foul Ball, location: 2F 2-2: Foul Ball, location: 2F 2-2: Ball 3-2: Fly out, F2 (Popup, 25F, EV 86.9 MPH)
|
| Top of the 3rd over - 0 runs, 0 hits, 0 errors, 0 left on base; San Jose 2 - Altoona 0 |
| BOTTOM OF THE 3RD |
|
Altoona Curve batting - Pitching for San Jose Giants : RHP Jan Cole
|
|
Batting: RHB Tim Moore
|
0-0: Ball 1-0: Called Strike 1-1: Ball 2-1: Ball 3-1: Called Strike 3-2: Foul Ball, location: 2F 3-2: Foul Ball, location: 2F 3-2: Foul Ball, location: 2F 3-2: SINGLE (Line Drive, 34D, EV 95.6 MPH)
|
|
Batting: SHB Ronnie Brooks
|
0-0: Ball 1-0: SINGLE (Groundball, 4S, EV 67.5 MPH) (infield hit) Tim Moore to second
|
|
Batting: RHB Chris McCoy
|
0-0: Ball 1-0: Called Strike 1-1: Called Strike 1-2: Ball 2-2: Strikes out swinging
|
|
Batting: RHB Terrence Wilson
|
0-0: Ball 1-0: Called Strike 1-1: Ball 2-1: Swinging Strike 2-2: Ball 3-2: Strikes out looking
|
|
Batting: RHB Alex Arzate
|
0-0: Fielders Choice at 2nd, 5-4 (Groundball, 5, EV 78.1 MPH)
|
| Bottom of the 3rd over - 0 runs, 2 hits, 0 errors, 2 left on base; San Jose 2 - Altoona 0 |
| TOP OF THE 4TH |
|
San Jose Giants batting - Pitching for Altoona Curve : RHP Kyle Davis
|
|
Batting: LHB Steve Nevis
|
0-0: Foul Ball, location: 2F 0-1: Ball 1-1: Foul Ball, location: 2F 1-2: Ball 2-2: Strikes out swinging
|
|
Batting: SHB David Beauchamp
|
0-0: Called Strike 0-1: Foul Ball, location: 2F 0-2: Ball 1-2: Foul Ball, location: 2F 1-2: Strikes out looking
|
|
Batting: LHB Yeong-hun Joe
|
0-0: Ball 1-0: Called Strike 1-1: Ball 2-1: Ball 3-1: Foul Ball, location: 2F 3-2: Foul Ball, location: 2F 3-2: Ground out 6-3 (Groundball, 6, EV 106.9 MPH)
|
| Top of the 4th over - 0 runs, 0 hits, 0 errors, 0 left on base; San Jose 2 - Altoona 0 |
| BOTTOM OF THE 4TH |
|
Altoona Curve batting - Pitching for San Jose Giants : RHP Jan Cole
|
|
Batting: RHB Brandon White
|
0-0: Swinging Strike 0-1: Foul Ball, location: 2F 0-2: Ball 1-2: Foul Ball, location: 2F 1-2: Ball 2-2: Strikes out looking
|
|
Batting: LHB Carlos Vega
|
0-0: Ball 1-0: Called Strike 1-1: Called Strike 1-2: Ball 2-2: Strikes out looking
|
|
Batting: LHB Mike Handrahan
|
0-0: Ball 1-0: Called Strike 1-1: Ball 2-1: Ball 3-1: Foul Ball, location: 2F 3-2: Foul Ball, location: 2F 3-2: Fly out, F5 (Line Drive, 6, EV 65.6 MPH)
|
| Bottom of the 4th over - 0 runs, 0 hits, 0 errors, 0 left on base; San Jose 2 - Altoona 0 |
| TOP OF THE 5TH |
|
San Jose Giants batting - Pitching for Altoona Curve : RHP Kyle Davis
|
|
Batting: RHB Laroya Foronda
|
0-0: Ball 1-0: Ball 2-0: Ball 3-0: Called Strike 3-1: SINGLE (Groundball, 6, EV 103.1 MPH)
|
|
Batting: LHB Ryan Braden
|
0-0: Called Strike 0-1: Called Strike 0-2: Ball 1-2: Ball 2-2: Fielders Choice at 2nd, 5-4 (Groundball, 56, EV 103.8 MPH)
|
|
Batting: RHB Guillermo Mojica
|
0-0: Ball 1-0: Foul Ball, location: 2F 1-1: Foul Ball, location: 2F 1-2: Ball 2-2: Fielders Choice at 2nd, 6-4 (Groundball, 6, EV 84.4 MPH)
|
|
Batting: RHB Mike Zepeda
|
0-0: Ball 1-0: Called Strike 1-1: Ball 2-1: Ball Wild Pitch! Guillermo Mojica to second 3-1: Base on Balls
|
|
Batting: RHB John Paredes
|
0-0: Fly out, F9 (Flyball, 9S, EV 88.1 MPH)
|
| Top of the 5th over - 0 runs, 1 hit, 0 errors, 2 left on base; San Jose 2 - Altoona 0 |
| BOTTOM OF THE 5TH |
|
Altoona Curve batting - Pitching for San Jose Giants : RHP Jan Cole
|
|
Batting: RHB Jeff Edwards
|
0-0: Foul Ball, location: 2F 0-1: Foul Ball, location: 2F 0-2: Foul Ball, location: 2F 0-2: Ball 1-2: Strikes out swinging
|
|
Batting: RHB Tim Moore
|
0-0: Ball 1-0: Fly out, F4 (Line Drive, 4, EV 73.8 MPH)
|
|
Batting: SHB Ronnie Brooks
|
0-0: Ball 1-0: Ball 2-0: Foul Ball, location: 2F 2-1: Foul Ball, location: 2F 2-2: Ball 3-2: Foul Ball, location: 2F 3-2: Strikes out swinging
|
| Bottom of the 5th over - 0 runs, 0 hits, 0 errors, 0 left on base; San Jose 2 - Altoona 0 |
| TOP OF THE 6TH |
|
San Jose Giants batting - Pitching for Altoona Curve : RHP Kyle Davis
|
|
Batting: RHB Leon Alders
|
0-0: Swinging Strike 0-1: Ball 1-1: Called Strike 1-2: Ball 2-2: Ball 3-2: Base on Balls
|
|
Pitching: RHP Shuuhei Watanabe
|
|
|
Batting: LHB Steve Nevis
|
0-0: Fielders Choice at 2nd, 6-4 (Groundball, 6, EV 80.0 MPH)
|
|
Batting: SHB David Beauchamp
|
0-0: SINGLE (Groundball, 6D, EV 100.0 MPH) Steve Nevis to second
|
|
Batting: LHB Yeong-hun Joe
|
0-0: Fielders Choice at 2nd, 1-6 (Groundball, 13, EV 76.2 MPH) Steve Nevis to third
|
|
Batting: RHB Laroya Foronda
|
0-0: Ball 1-0: Swinging Strike 1-1: Fielders Choice at 2nd, 6-4 (Groundball, 6, EV 109.4 MPH)
|
| Top of the 6th over - 0 runs, 1 hit, 0 errors, 2 left on base; San Jose 2 - Altoona 0 |
| BOTTOM OF THE 6TH |
|
Altoona Curve batting - Pitching for San Jose Giants : RHP Jan Cole
|
|
Batting: RHB Chris McCoy
|
0-0: Ball 1-0: Called Strike 1-1: Bunt missed! 1-2: Ball 2-2: SINGLE (Groundball, 6MD, EV 96.9 MPH)
|
|
Batting: RHB Terrence Wilson
|
0-0: Ball Chris McCoy is caught stealing 2nd base 2-4 1-0: Swinging Strike 1-1: Swinging Strike 1-2: Strikes out swinging
|
|
Batting: RHB Alex Arzate
|
0-0: Ball 1-0: Foul Ball, location: 2F 1-1: Foul Ball, location: 2F 1-2: Strikes out swinging
|
| Bottom of the 6th over - 0 runs, 1 hit, 0 errors, 0 left on base; San Jose 2 - Altoona 0 |
| TOP OF THE 7TH |
|
San Jose Giants batting - Pitching for Altoona Curve : RHP Shuuhei Watanabe
|
|
Batting: LHB Ryan Braden
|
0-0: Called Strike 0-1: Ground out 5-3 (Groundball, 56, EV 88.8 MPH)
|
|
Batting: RHB Guillermo Mojica
|
0-0: Swinging Strike 0-1: Called Strike 0-2: Ball 1-2: Ball 2-2: Foul Ball, location: 2F 2-2: Strikes out swinging
|
|
Batting: RHB Mike Zepeda
|
0-0: Ball 1-0: Ground out 3-1 (Groundball, 34, EV 88.1 MPH)
|
| Top of the 7th over - 0 runs, 0 hits, 0 errors, 0 left on base; San Jose 2 - Altoona 0 |
| BOTTOM OF THE 7TH |
|
Altoona Curve batting - Pitching for San Jose Giants : RHP Jan Cole
|
|
Batting: RHB Brandon White
|
0-0: Called Strike 0-1: Called Strike 0-2: Ball 1-2: Ball 2-2: Foul Ball, location: 2F 2-2: Ball 3-2: Strikes out looking
|
|
Pitching: RHP Steve Ryals
|
|
|
Batting: LHB Carlos Vega
|
0-0: SINGLE (Groundball, 6MS, EV 75.6 MPH) (infield hit)
|
|
Batting: LHB Mike Handrahan
|
0-0: Called Strike 0-1: Foul Ball, location: 2F 0-2: SINGLE (Line Drive, 7S, EV 97.5 MPH) Carlos Vega to second
|
|
Batting: RHB Jeff Edwards
|
0-0: Called Strike 0-1: Called Strike 0-2: Ball 1-2: Strikes out swinging
|
|
Batting: RHB Tim Moore
|
0-0: Ball 1-0: Called Strike 1-1: Ball 2-1: Fly out, F7 (Flyball, 7, EV 88.1 MPH)
|
| Bottom of the 7th over - 0 runs, 2 hits, 0 errors, 2 left on base; San Jose 2 - Altoona 0 |
| TOP OF THE 8TH |
|
San Jose Giants batting - Pitching for Altoona Curve : RHP Shuuhei Watanabe
|
|
Batting: RHB John Paredes
|
0-0: Ball 1-0: Swinging Strike 1-1: Foul Ball, location: 2F 1-2: Foul Ball, location: 2F 1-2: Strikes out swinging
|
|
Batting: RHB Leon Alders
|
0-0: Ball 1-0: Ball 2-0: Ball 3-0: Ground out 5-3 (Groundball, 56S, EV 90.6 MPH)
|
|
Batting: LHB Steve Nevis
|
0-0: Ball 1-0: Ball 2-0: Called Strike 2-1: Fly out, F8 (Flyball, 8RM, EV 92.5 MPH)
|
| Top of the 8th over - 0 runs, 0 hits, 0 errors, 0 left on base; San Jose 2 - Altoona 0 |
| BOTTOM OF THE 8TH |
|
Altoona Curve batting - Pitching for San Jose Giants : RHP Steve Ryals
|
|
Now at 2B: Guillermo Mojica
|
|
|
Now at 3B: Alex Belton
|
|
|
Batting: SHB Ronnie Brooks
|
0-0: Ball 1-0: Called Strike 1-1: Ball 2-1: Swinging Strike 2-2: Ball 3-2: Foul Ball, location: 2F 3-2: Base on Balls
|
|
Batting: RHB Chris McCoy
|
0-0: SINGLE (Line Drive, 6D, EV 97.5 MPH) Ronnie Brooks to second
|
|
Batting: RHB Terrence Wilson
|
0-0: Called Strike 0-1: Sac Bunt to 15S - play at first, batter OUT! 1-3 Ronnie Brooks to third Chris McCoy to second
|
|
Batting: RHB Alex Arzate
|
0-0: Fly out, F9 (Flyball, 9, EV 95.6 MPH) Runner from 3rd tags up, SCORES, throw by RF Chris McCoy to third
|
|
Batting: RHB Brandon White
|
0-0: Ground out 6-3 (Groundball, 6D, EV 82.5 MPH)
|
| Bottom of the 8th over - 1 run, 1 hit, 0 errors, 1 left on base; San Jose 2 - Altoona 1 |
| TOP OF THE 9TH |
|
San Jose Giants batting - Pitching for Altoona Curve : RHP Shuuhei Watanabe
|
|
Batting: SHB David Beauchamp
|
0-0: Called Strike 0-1: Called Strike 0-2: Strikes out looking
|
|
Batting: LHB Yeong-hun Joe
|
0-0: Ball 1-0: Fly out, F6 (Line Drive, 6, EV 63.8 MPH)
|
|
Batting: RHB Laroya Foronda
|
0-0: Ball 1-0: Called Strike 1-1: Called Strike 1-2: Ground out 4-3 (Groundball, 4S, EV 67.5 MPH)
|
| Top of the 9th over - 0 runs, 0 hits, 0 errors, 0 left on base; San Jose 2 - Altoona 1 |
| BOTTOM OF THE 9TH |
|
Altoona Curve batting - Pitching for San Jose Giants : RHP Steve Ryals
|
|
Pitching: RHP Danny MacKinnon
|
|
|
Now at 2B: Alex Belton
|
|
|
Now at 3B: Jerry Massey
|
|
|
Batting: LHB Carlos Vega
|
0-0: Called Strike 0-1: Called Strike 0-2: Foul Ball, location: 2F 0-2: Ball 1-2: Foul Ball, location: 2F 1-2: Ball 2-2: Ground out 4-3 (Groundball, 4, EV 105.0 MPH)
|
|
Batting: LHB Mike Handrahan
|
0-0: Called Strike 0-1: Ground out U3 (Groundball, 3S, EV 81.9 MPH)
|
|
Batting: RHB Jeff Edwards
|
0-0: Ball 1-0: Ball 2-0: Ball 3-0: Foul Ball, location: 2F 3-1: Called Strike 3-2: Base on Balls
|
|
Batting: RHB Tim Moore
|
0-0: Called Strike 0-1: Ball 1-1: Swinging Strike 1-2: Ball 2-2: Strikes out swinging
|
| Bottom of the 9th over - 0 runs, 0 hits, 0 errors, 1 left on base; San Jose 2 - Altoona 1 |
|